 Dungeon Crawl Stone Soup version 0.30-a0-956-gcec3b41aec (webtiles) character file.

Game seed: 14163768130233404209

16 Shard1697 the Shield-Bearer (level 2, -3/24 HPs)
             Began as a Formicid Fighter on Mar 29, 2023.
             Slain by a +0 quarterstaff of flaming (7 damage)
             ... created by the rancor of the Wu Jian Council
             ... on level 1 of the Dungeon.
             The game lasted 00:00:43 (107 turns).

Shard1697 the Shield-Bearer (Formicid Fighter)       Turns: 107, Time: 00:00:44

Health: -3/24      AC:  6    Str: 20    XL:     2   Next: 75%
Magic:  2/2        EV:  9    Int:  7    God:
Gold:   17         SH:  5    Dex: 13    Spells: 1/1 levels left

rFire   . . .      SeeInvis +    a - +0 war axe
rCold   . . .      Faith    .    c - +0 buckler
rNeg    . . .      Spirit   .    b - +0 scale mail
rPois   .          Reflect  .    (helmet unavailable)
rElec   .          Rampage  .    (no cloak)
rCorr   .                        (no gloves)
Will    .....                    (no boots) Stlth
                                 (no amulet)
HPRegen 0.24/turn                (no ring)
MPRegen 0.08/turn                (no ring)

@: mighty, spiked
A: permanent stasis, dig shafts and tunnels, antennae 3, four strong arms
a: Dig, Shaft Self


You were on level 1 of the Dungeon.
You visited 1 branch of the dungeon, and saw 1 of its levels.

You collected 17 gold pieces.

Inventory:

Hand Weapons
 a - a +0 war axe (weapon)
Armour
 b - a +0 scale mail (worn)
 c - a +0 buckler (worn)
Scrolls
 e - a scroll of fear {unknown}
 f - 2 scrolls of identify {unknown}


   Skills:
 - Level 3.2 Fighting
 + Level 3.1 Axes
 - Level 3.2 Armour
 - Level 4.0 Shields


You had one spell level left.
You didn't know any spells.
Your spell library was empty.

Dungeon Overview and Level Annotations

Branches:
Dungeon (1/15)

Altars:
Wu Jian


Innate Abilities, Weirdness & Mutations

You cannot be hasted, slowed, berserked, paralysed or teleported.
You can dig through walls and to a lower floor.
You have a pair of large antennae on your head. (SInv)
Your four strong arms can wield two-handed weapons with a shield.


Message History

The barbs in your skin will harm you if you move.
Continue?
You're too confused to move!
The endoplasm hits you. The kobold barely misses you.
Unknown command.
Okay, then.
You feel very mighty all of a sudden. The kobold hits you with a +0 dagger.
The endoplasm hits you but does no damage.
You barely miss the +2 rapier of electrocution.
You slash the kobold!
You kill the kobold!
You hit the +3 great sword of flaming. You hit the +4 rapier of speed.
You destroy the +4 rapier of speed!
That felt strangely unrewarding.
You barely miss the endoplasm.
The +2 rapier of electrocution completely misses you.
The endoplasm hits you but does no damage.
The +3 great sword of flaming hits you!
The +3 great sword of flaming burns you.
* * * LOW HITPOINT WARNING * * *
The +2 rapier of electrocution hits you but does no damage.
You closely miss the +0 quarterstaff of flaming.
You slash the +2 rapier of electrocution!
You destroy the +2 rapier of electrocution!
That felt strangely unrewarding.
You slash the +3 great sword of flaming!
You destroy the +3 great sword of flaming!
That felt strangely unrewarding.
You completely miss the endoplasm.
The endoplasm hits you but does no damage.
The +0 quarterstaff of flaming hits you.
* * * LOW HITPOINT WARNING * * *
The +0 quarterstaff of flaming burns you.
* * * LOW HITPOINT WARNING * * *
The endoplasm closely misses you.
The +0 quarterstaff of flaming hits you but does no damage.
You barely miss the +0 quarterstaff of flaming.
You slash the endoplasm!
You kill the endoplasm!
You feel less confused.
The +0 quarterstaff of flaming hits you!
You die...

...... ......
## .....# { ..
.....# ##.
##.#..# ...
###..#..#
#.##.......#..
#..$)8.8......
#..@.#'#...#..
#.(†.#.# ..#
#..###.###.#
#..#8...8# #.#
.....#.._..#
...
..##.#8...8#...
...#.###.###.#
{
........#†#...
.. #...#'#.#


You could see a +0 quarterstaff of flaming.

Vanquished Creatures
  3 dancing weapons (D:1)
  A dart slug (D:1)
  A ball python (D:1)
  A bat (D:1)
  An endoplasm (D:1)
  A giant cockroach (D:1)
  A goblin (D:1)
  A hobgoblin (D:1)
  3 jackals (D:1)
  2 kobolds (D:1)
15 creatures vanquished.

Notes
Turn   | Place    | Note
-------+----------+-------------------------------------------
     0 | D:1      | Shard1697 the Formicid Fighter began the quest for the Orb.
     0 | D:1      | Reached XP level 1. HP: 18/18 MP: 1/1
    49 | D:1      | Reached XP level 2. HP: 20/24 MP: 2/2
    75 | D:1      | Found a faded altar of an unknown god.
    82 | D:1      | Prayed at the altar of an unknown god.
    82 | D:1      | Became a worshipper of the Wu Jian Council
    82 | D:1      | Reached * piety under Wu Jian
    83 | D:1      | Fell from the grace of Wu Jian
   103 | D:1      | Noticed a +2 rapier of electrocution
   103 | D:1      | Noticed a +4 rapier of speed
   103 | D:1      | Noticed a +3 great sword of flaming
   103 | D:1      | Noticed a +0 quarterstaff of flaming
   105 | D:1      | Killed a +4 rapier of speed
   106 | D:1      | Killed a +2 rapier of electrocution
   106 | D:1      | Killed a +3 great sword of flaming
   107 | D:1      | Slain by a +0 quarterstaff of flaming

Illustrated notes

Levels and vault maps discovered:
D:1:      dpeg_arrival_rooms_with_view, layout_loops_ring,
          dreamdust_ecumenical_altar_angels_and_demons

Skill      XL: |  1  2 |
---------------+-------+-----
Axes           | 3 |  3.1
Fighting       | |  3.2
Armour         | |  3.2
Shields        | |  4.0

Action                     || total
---------------------------++-------
  Melee: War axe           ||    30
 Invoke: Renounce Religion ||     1
    Use: Potion            ||     1
 Armour: Scale mail        ||    19
  Dodge: Dodged            ||    17
  Block: Buckler           ||    10

Table legend: (Time is in decaauts)
 A = Elapsed time spent in this place.
 B = Non-inter-level travel time spent in this place.
 C = Inter-level travel time spent in this place.
 D = Time resting spent in this place.
 E = Time spent auto-exploring this place.
 F = Levels seen in this place.
 G = Mean time per level.
                   A        B        C        D        E       F      G
               +--------+--------+--------+--------+--------+-----+--------+
         Total |    118 |    118 |      0 |      0 |     40 |   1 |  118.0 |
       Dungeon |    118 |    118 |      0 |      0 |     40 |   1 |  118.0 |
               +--------+--------+--------+--------+--------+-----+--------+

Top non-repeatable levels by time:
     D:1: 118 daAuts
